Map: Catalyst LE

Players

akira - Winner!

  • Race: Terran Terran
  • League: Master
  • Spawn Location: 11:00

A.I. 1 (Medium)

  • Race: Protoss Protoss
  • Spawn Location: 5:00

VOD

Have the link to the VOD?

Description

Time

  • Played on: March 21, 2018, 1:54 a.m.
  • Length: 11:45
Show
View Real Time Build Order
Export as new Build Order

akira Terran - Winner!

Build Orders: Reaper Expand, MMM Bio 

Get SALT Encoding   

  12  0:00  SCV  
  13  0:13  SCV  
  14  0:17  Supply Depot  
  14  0:25  SCV  
  14  0:28  Refinery  
  15  0:39  SCV  
  16  0:45  Barracks  
  16  0:51  SCV  
  17  1:03  SCV  
  18  1:15  SCV  
  19  1:32  Orbital Command  
  19  1:33  Reaper  
  20  1:44  Command Center  
  20  1:57  SCV  
  20  1:59  Factory  
  21  2:06  Barracks Reactor  
  21  2:09  SCV  
  21  2:12  Supply Depot  
  22  2:21  SCV  
  23  2:25  Barracks  
  23  2:34  SCV  
  24  2:46  SCV  
  24  2:48  Hellion x2  
  24  2:49  Marine  
  30  2:55  Orbital Command  
  30  2:59  SCV  
  31  3:08  Barracks Tech Lab  
  31  3:09  Hellion x2  
  31  3:12  SCV  
  36  3:13  Marine  
  37  3:21  SCV  
  38  3:27  Marine  
  39  3:34  Supply Depot  
  39  3:36  Stimpack  
  39  3:37  SCV  
  39  3:39  SCV  
  39  3:41  Marine x2  
  41  3:44  Marine  
  41  3:47  Factory Tech Lab  
  44  3:49  Refinery  
  44  3:50  SCV  
  44  3:51  SCV, Engineering Bay, Refinery  
  46  3:59  Marine x2  
  46  4:02  Marine, SCV  
  49  4:04  Supply Depot, SCV  
  51  4:10  Siege Tank  
  54  4:18  Terran Infantry Weapons Level 1  
  54  4:26  Marine x3, SCV x2  
  54  4:28  Supply Depot  
  59  4:34  Starport  
  60  4:38  SCV  
  60  4:39  SCV  
  60  4:43  Supply Depot  
  62  4:50  Siege Tank  
  62  4:51  Marine  
  67  4:55  SCV x2  
  67  4:56  Supply Depot  
  67  4:57  Marine  
  68  5:07  SCV x2  
  68  5:10  Marine x2  
  68  5:14  Starport Reactor  
  72  5:16  Marine  
  73  5:22  Supply Depot  
  73  5:23  Siege Tank  
  73  5:25  SCV  
  73  5:26  SCV  
  73  5:28  Marine x2  
  78  5:29  Barracks  
  78  5:34  Marine  
  81  5:37  SCV  
  81  5:38  SCV  
  81  5:42  Combat Shields  
  83  5:46  Marine, Supply Depot  
  84  5:50  SCV x2  
  84  5:56  Starport Reactor  
  84  5:57  Supply Depot  
  86  6:00  Command Center  
  86  6:03  SCV  
  86  6:04  Marine, SCV  
  88  6:07  Marine x2  
  93  6:11  Hellion  
  93  6:12  Terran Infantry Armor Level 1  
  93  6:13  Hellion  
  93  6:15  SCV  
  93  6:17  SCV  
  97  6:21  Supply Depot, Refinery  
  97  6:22  Barracks Reactor  
  97  6:26  Marine x3  
  97  6:28  SCV  
  97  6:29  SCV  
  102  6:37  Factory  
  102  6:39  Medivac x2  
  106  6:40  Barracks  
  106  6:42  SCV x2  
  108  6:47  Marine  
  108  6:48  Marine  
  108  6:50  Marine, Hellion  
  108  6:52  Hellion  
  115  6:54  SCV  
  115  6:59  Supply Depot  
  115  7:03  Marine x2  
  115  7:06  SCV  
  118  7:10  Armory  
  118  7:11  Marine x2  
  118  7:12  Marine, SCV  
  124  7:16  Orbital Command  
  124  7:18  Medivac  
  124  7:20  Marine, SCV  
  124  7:22  Medivac  
  128  7:26  Marine  
  128  7:27  Infernal Pre-Igniter  
  128  7:29  Barracks Tech Lab  
  129  7:30  Marine x2  
  129  7:31  Marine  
  129  7:32  SCV  
  129  7:33  SCV  
  134  7:39  Supply Depot  
  134  7:40  Marine, Supply Depot  
  137  7:44  Siege Tank  
  137  7:48  Medivac  
  137  7:49  SCV  
  141  7:55  Refinery  
  141  7:57  Refinery  
  141  8:01  Medivac, SCV x2  
  141  8:02  Supply Depot  
  141  8:03  Supply Depot  
  141  8:04  Ghost Academy  
  145  8:06  Marine x3  
  145  8:07  Marine x2  
  145  8:09  Terran Infantry Weapons Level 2  
  150  8:14  SCV x3  
  153  8:24  Siege Tank  
  153  8:25  Supply Depot  
  153  8:26  Factory  
  157  8:28  Supply Depot  
  157  8:29  Marine x3  
  157  8:30  Marine  
  157  8:33  Ghost  
  162  8:36  Ghost  
  164  8:42  Hellion x2  
  164  8:47  Marine x3  
  171  8:54  Supply Depot  
  171  8:55  Marine, Supply Depot  
  172  9:02  Siege Tank, Ghost  
  177  9:04  Marine x2, Ghost  
  177  9:05  Marine  
  177  9:07  Medivac  
  184  9:12  Factory  
  184  9:13  Marine  
  184  9:15  Barracks x2  
  185  9:21  Factory Tech Lab  
  185  9:24  Marine x3  
  187  9:27  Hellion x2  
  187  9:29  Terran Vehicle Weapons Level 1  
  192  9:35  Medivac  
  192  9:37  Medivac  
  196  9:40  Marine, Siege Tank  
  200  10:05  Barracks Tech Lab x2  
  200  10:06  Factory Tech Lab  
  200  10:12  Command Center  
Show
View Real Time Build Order
Export as new Build Order

A.I. 1 (Medium) Protoss 

Build Orders:  

Get SALT Encoding   

  12  0:00  Probe  
  13  0:13  Probe  
  14  0:19  Pylon  
  14  0:25  Probe  
  15  0:34  Probe  
  15  0:40  Gateway  
  15  0:42  Probe  
  16  0:48  Assimilator  
  17  0:51  Probe  
  18  1:02  Pylon  
  18  1:30  Gateway  
  18  1:32  Cybernetics Core  
  18  1:35  Assimilator  
  18  1:39  Zealot  
  20  1:58  Zealot  
  20  2:06  Warp Gate  
  22  2:15  Pylon  
  22  2:19  Zealot  
  24  2:35  Zealot  
  26  2:52  Zealot  
  26  2:58  Pylon  
  28  3:08  Stalker  
  28  3:10  Probe  
  31  3:22  Probe  
  31  3:24  Stalker  
  34  3:32  Forge  
  35  3:34  Probe  
  35  3:41  Adept  
  37  3:46  Probe  
  38  3:51  Pylon  
  38  3:57  Adept  
  38  3:58  Probe  
  41  4:07  Probe  
  42  6:22  Sentry  
  42  6:23  Probe  
  42  6:25  Robotics Facility  
  45  6:26  Pylon  
  45  6:28  Photon Cannon  
  45  6:29  Photon Cannon  
  45  6:31  Nexus, Stargate  
  45  6:34  Twilight Council  
  45  6:35  Probe  
  45  6:36  Stalker  
  45  6:37  Gateway  
  48  6:41  Forge  
  48  6:49  Stalker  
  31  7:03  Stalker  
  31  7:07  Observer  
  34  7:17  Sentry  
  36  7:24  Observer  
  37  7:30  Stalker  
  38  7:44  Probe, Stalker  
  39  7:46  Probe  
  42  7:55  Assimilator  
  42  7:56  Probe  
  42  7:57  Pylon, Adept  
  45  7:59  Pylon, Probe  
  46  8:08  Probe  
  46  8:11  Adept, Probe  
  50  8:16  Probe  
  49  8:20  Photon Cannon  
  49  8:22  Photon Cannon  
  49  8:23  Probe  
  49  8:24  Probe  
  49  8:25  Zealot  
  54  8:34  Probe  
  54  8:35  Probe  
  54  8:38  Zealot  
  58  8:43  Probe  
  58  8:46  Probe  
  60  8:51  Probe  
  60  8:58  Probe  
  60  9:02  Probe  
  63  9:10  Probe  
  63  9:14  Probe  
  65  9:22  Probe  
  65  9:23  Probe  
  67  9:57  Assimilator  
  67  10:16  Probe  
  67  10:19  Probe  
  69  10:34  Zealot  
  57  10:42  Probe  
  27  10:54  Probe  
  27  10:56  Zealot  
  30  11:00  Photon Cannon  
  30  11:02  Photon Cannon  
  30  11:05  Pylon  
  30  11:06  Zealot, Probe  
  30  11:07  Pylon  
  25  11:14  Stargate  
  25  11:16  Pylon  
Tags
 
Composition
MMM Bio
League
Master
Matchup
PvT
Spawn Locations
Cross Positions
Add a new tag
Caveats
  • Supply blocks, unpowered buildings, or Contaminate may cause inaccurate times.
  • Supply counts are checked every 10 seconds.